 Dungeon Crawl Stone Soup version 0.24.0-123-gd5b16e6ec5 (webtiles) character file.

Game seed: 6212142830344374762, levelgen mode: deterministic

175 Norian the Conjurer (level 5, -4/28 HPs)
             Began as a Deep Elf Conjurer on Dec 20, 2019.
             Was an Initiate of Vehumet.
             Shot with an arrow by a centaur (14 damage)
             ... on level 4 of the Dungeon.
             The game lasted 00:05:41 (3179 turns).

Norian the Conjurer (Deep Elf Conjurer)             Turns: 3179, Time: 00:05:41

Health: -4/28      AC:  3    Str:  6    XL:     5   Next: 29%
Magic:  2/14       EV: 13    Int: 20    God:    Vehumet [......]
Gold:   207        SH:  0    Dex: 15    Spells: 5/14 levels left

rFire    . . .     SeeInvis .   h - +2 dagger (elec)
rCold    . . .     Gourm    .   (no shield)
rNeg     . . .     Faith    .   a - +0 robe
rPois    .         Spirit   .   (no helmet)
rElec    .         Reflect  .   (no cloak)
rCorr    .         Harm     .   (no gloves)
MR       .....                  e - +0 pair of boots
Stlth    ++........             (no amulet)
HPRegen  0.09/turn              (no ring)
MPRegen  0.14/turn              (no ring)

@: starving
A: no striking features
a: Renounce Religion


You were on level 4 of the Dungeon.
You worshipped Vehumet.
Vehumet was noncommittal.
You were starving.

You visited 1 branch of the dungeon, and saw 4 of its levels.

You collected 207 gold pieces.

Inventory:

Hand Weapons
 h - a +2 dagger of electrocution (weapon)
Armour
 a - a +0 robe (worn)
 e - a +0 pair of boots (worn)
Jewellery
 g - a +2 ring of protection {unknown}
 j - an uncursed ring of see invisible
 m - an uncursed ring of resist corrosion {unknown}
Wands
 k - a wand of acid (8)
Scrolls
 d - a scroll of teleportation {unknown}
 i - a scroll of immolation {unknown}
Potions
 b - a potion of flight {unknown}
 f - 2 potions of curing {unknown}
 l - a potion of might {unknown}
 n - a potion of invisibility {unknown}
Comestibles
 c - 6 rations


   Skills:
 - Level 2.4 Dodging
 - Level 2.4 Stealth
 + Level 5.4 Spellcasting
 + Level 5.8 Conjurations
 + Level 2.1 Hexes


You had 5 spell levels left.
You knew the following spells:

 Your Spells              Type           Power        Failure   Level  Hunger
a - Magic Dart            Conj           ####         1%          1    None
b - Iskenderun's Mystic   Conj           ####....     10%         4    ####...
c - Fulminant Prism       Conj/Hex       ###.......   22%         4    ####...

Your spell library contained the following spells:

 Spells                   Type           Power        Failure   Level  Hunger
 Searing Ray              Conj           ####..       1%          2    None
 Dazzling Spray           Conj/Hex       ###...       6%          3    ##.....
 Force Lance              Conj/Tloc      ###.....     32%         4    ####...


Dungeon Overview and Level Annotations

Branches:
Dungeon (4/15)
 Temple: D:4-7

Altars:
Fedhas
Trog
Vehumet


Message History

Press: ? - help, Shift-Dir - straight line, f/p - centaur
Aim: a centaur, wielding a +0 shortbow (heavily wounded)
The orb of energy hits the centaur.
The centaur is heavily wounded.
The centaur shoots an arrow.
The arrow hits you.
An orc comes into view.
Casting: Iskenderun's Mystic Blast (safe; 10% risk of failure)
Confirm with . or Enter, or press ? or * to list all spells.
Aiming: Iskenderun's Mystic Blast (safe; 10% risk of failure)
Press: ? - help, Shift-Dir - straight line, f/p - centaur
Aim: a centaur, wielding a +0 shortbow (heavily wounded)
The orb of energy hits the centaur!
The centaur is almost dead.
You are starving!
The centaur shoots an arrow.
The arrow hits you!
The centaur shoots an arrow.
The arrow hits you.
You don't have the energy to cast that spell.
The centaur shoots an arrow.
The arrow hits you!
Ouch! That really hurt!
You die...

#######
##...(.##
##.......#.#.
#....@.......
#.8.....8.#.#
......c.....#
#.....8.8......
#.............#
#...8.....8...#
#o#....>......#
..##.......#...


You could see a centaur and an orc.

Vanquished Creatures
  Terence (D:2)
  2 adders
  An ooze (D:2)
  6 worms
  2 dart slugs
  3 leopard geckos
  8 orcs (D:3)
  4 giant cockroaches
  9 goblins
  15 hobgoblins
  4 jackals (D:1)
  10 kobolds
  2 ball pythons (D:3)
  8 bats
  15 rats
90 creatures vanquished.

Vanquished Creatures (others)
  A goblin (D:3)
  A fulminant prism (D:3)
2 creatures vanquished.

Grand Total: 92 creatures vanquished

Notes
Turn   | Place    | Note
-------+----------+-------------------------------------------
     0 | D:1      | Norian the Deep Elf Conjurer began the quest for the Orb.
     0 | D:1      | Reached XP level 1. HP: 10/10 MP: 6/6
   166 | D:1      | Reached XP level 2. HP: 14/15 MP: 5/8
   563 | D:1      | Reached skill level 5 in Conjurations
   563 | D:1      | Reached XP level 3. HP: 14/19 MP: 6/10
  1150 | D:2      | Reached XP level 4. HP: 24/24 MP: 3/12
  1156 | D:2      | Learned a level 4 spell: Iskenderun's Mystic Blast
  1161 | D:2      | Learned a level 4 spell: Fulminant Prism
  1410 | D:2      | Noticed a moth of wrath
  1411 | D:2      | Noticed Terence
  1478 | D:2      | Killed Terence
  1478 | D:2      | Reached skill level 5 in Spellcasting
  1478 | D:2      | Reached skill level 1 in Hexes
  1846 | D:2      | Found a bloodstained altar of Trog.
  1898 | D:3      | Reached XP level 5. HP: 28/28 MP: 0/14
  2028 | D:3      | Found a radiant altar of Vehumet.
  2128 | D:3      | Became a worshipper of Vehumet
  2129 | D:3      | HP: 1/28 [something (27)]
  2617 | D:3      | Found a blossoming altar of Fedhas.
  3175 | D:4      | Noticed a centaur
  3179 | D:4      | Shot with an arrow by a centaur

Levels and vault maps discovered:
D:1:      dpeg_arrival_rooms_a, layout_basic
D:2:      layout_rooms, tgw_trog, uniq_terence
D:3:      layout_basic, fedhas_altar_2, fiery_altar_vehumet, skrybe_limestone_x,
          fountainhead, hangedman_abyss_or_decor_lesser_grid
D:4:      layout_cave_pools, grunt_ministairs_10

Skill      XL: |  1  2  3  4  5 |
---------------+----------------+-----
Spellcasting   | 4 5 |  5.4
Conjurations   | 5 |  5.8
Hexes          | 1 2 |  2.1
Dodging        | |  2.4
Stealth        | |  2.4

Action                   |  1- 3 |  4- 6 || total
-------------------------+-------+-------++-------
Melee: Unarmed           |     8 |       ||     8
       Club              |     7 |    19 ||    26
       Short sword       |       |     4 ||     4
       Dagger            |       |     5 ||     5
 Cast: Magic Dart        |    93 |    94 ||   187
       Iskenderun's Myst |       |     8 ||     8
       Fulminant Prism   |       |     1 ||     1
  Eat: Chunk             |     1 |     5 ||     6
Armor: Robe              |       |    13 ||    13
Dodge: Dodged            |    22 |    31 ||    53
